 Dungeon Crawl Stone Soup version 0.19-a0-1891-ge1d1fe8 (webtiles) character file.

3719 Flanowski the Sharpshooter (level 9, -2/67 HPs)
             Began as a Centaur Hunter on Oct 18, 2016.
             Was a Follower of Okawaru.
             Slain by a guardian serpent (20 damage)
             ... on level 9 of the Dungeon.
             The game lasted 00:18:44 (11984 turns).

Flanowski the Sharpshooter (Centaur Hunter)        Turns: 11984, Time: 00:18:45

Health: -2/67      AC: 11    Str: 19    XL:     9   Next: 92%
Magic:  18/18      EV:  3    Int: 10    God:    Okawaru [*.....]
Gold:   420        SH:  0    Dex:  9    Spells: 0 memorised, 8 levels left

rFire  . . .     SeeInvis .     b - +2 hand crossbow
rCold  . . .     Gourm    .     F - +0 plate armour
rNeg   . . .     Faith    .     (no shield)
rPois  +         Spirit   .     (no helmet)
rElec  .         Reflect  .     Q - +1 cloak {rPois}
rCorr  .         Harm     .     i - +0 pair of gloves
MR     .....                    (no barding)
Stlth  ..........               (no amulet)
                                (no ring)
                                g - ring of magical power

@: slowed
A: hooves 3, deformed body, speed 2, tough skin 3
a: Heroism, Renounce Religion


You were on level 9 of the Dungeon.
You worshipped Okawaru.
Okawaru was aware of your devotion.
You were not hungry.

You visited 2 branches of the dungeon, and saw 10 of its levels.

You collected 473 gold pieces.
You spent 53 gold pieces at shops.

Inventory:

Hand Weapons
 a - a +0 whip of venom
 b - a +2 hand crossbow (weapon)
 E - a +0 lajatang
Missiles
 d - 25 bolts (quivered)
 y - 11 tomahawks
 H - a javelin
Armour
 c - a +0 leather armour
 i - a +0 pair of gloves (worn)
 F - a +0 plate armour (worn)
 Q - a +1 cloak of poison resistance (worn)
Jewellery
 g - a ring of magical power (left hand)
 u - an uncursed ring of wizardry
Wands
 n - a wand of confusion (23/48)
 A - a wand of random effects (15/48)
 O - a wand of confusion (40/48)
Scrolls
 e - a scroll of random uselessness
 h - 9 scrolls of identify
 j - 3 scrolls of noise
 v - 3 scrolls of remove curse
 w - 2 scrolls of magic mapping
 K - a scroll of fog
 L - 3 scrolls of teleportation
Potions
 k - 2 potions of heal wounds {unknown}
 l - 2 potions of berserk rage {unknown}
 m - 5 potions of curing {unknown}
 o - 2 potions of brilliance {unknown}
 r - a potion of magic {unknown}
 s - 4 potions of agility {unknown}
 x - a potion of lignification {unknown}
 z - a potion of degeneration {unknown}
 P - a potion of flight {unknown}
Books
 J - a book of Power

   Spells                             Type                      Level
   a - Fulminant Prism                Conjuration/Hexes            4
   b - Iskenderun's Mystic Blast      Conjuration                  4
   c - Venom Bolt                     Conjuration/Poison           5
   d - Bolt of Magma                  Conjuration/Fire/Earth       5
   e - Iron Shot                      Conjuration/Earth            6
   f - Orb of Destruction             Conjuration                  7
   g - Spellforged Servitor           Conjuration/Summoning        7
Comestibles
 f - 7 bread rations
 p - 6 meat rations
 q - 6 beef jerkies
 t - 3 slices of pizza
 B - a royal jelly
 C - 3 fruits
 D - 7 chunks of flesh


   Skills:
 - Level 2.0 Fighting
 + Level 15.2 Crossbows
 - Level 1.3 Dodging
 - Level 0.4 Stealth


You had 8 spell levels left.
You didn't know any spells.

Dungeon Overview and Level Annotations

Branches:
Dungeon (9/15)             Temple (1/1) D:7
   Lair: D:8-11         Orc: D:9-12

Altars:
Ashenzari
Cheibriados
Elyvilon
Kikubaaqudgha
Okawaru
Qazlal
Ru
Vehumet
Yredelemnul
Zin
The Shining One

Shops:
D:4 (

Annotations:
D:8 Erica


Innate Abilities, Weirdness & Mutations

You have hooves in place of feet.
Armour fits poorly on your strangely shaped body.
You cover ground very quickly.
You have extremely tough skin. (AC +3)


Message History

The guardian serpent hits you but does no damage.
The guardian serpent coils itself and waves its upper body at you.
You feel yourself slow down.
The guardian serpent casts a spell at you.
You feel as though you will be slow longer.
There is a stone staircase leading up, spattered with blood here.
Firing (i - inventory. (,) - cycle):
d - 27 bolts (quivered)
Press: ? - help, Shift-Dir - straight line, f/p - guardian serpent
Aim: a guardian serpent (lightly wounded)
You shoot a bolt. The bolt hits the guardian serpent!
The guardian serpent is moderately wounded.
The guardian serpent hits you!
Firing (i - inventory. (,) - cycle):
d - 26 bolts (quivered)
Press: ? - help, Shift-Dir - straight line, f/p - guardian serpent
Aim: a guardian serpent (moderately wounded)
You shoot a bolt. The bolt misses the guardian serpent.
The guardian serpent hits you!
* * * LOW HITPOINT WARNING * * *
The guardian serpent hits you!!
You die...

################
........†...>[.#
#########.##.###
..##......#.#
#.##.#....#.#
#.##.#....#.#
#####+##.##.#....#.#
#......#.##.#@...#.#
#......#.##.S....#.#
#....(.#.##....(.#.#
#......#.........#.#
#......#..#....#.#.#
#......#(.#........#
#......(..#.#......#
#.###.###.#......#.#
#. .... #.#.(......#


You could see a guardian serpent.

Vanquished Creatures
  Pikel (D:4)
  Prince Ribbit (D:8)
  The ghost of xsansara the Skirmisher, an amateur GrFi (D:4)
  2 orc warriors
  3 sky beasts
  2 phantoms (D:4)
  3 ogres
  3 centaurs
  Blork the orc (D:4)
  4 bullfrogs
  A scorpion (D:8)
  3 killer bees (D:9)
  7 howler monkeys
  4 crimson imps
  2 hounds
  4 orc priests
  A bullfrog skeleton (D:7)
  3 orc wizards
  3 iguanas
  A hell rat (D:5)
  4 worker ants
  14 gnolls
  5 adders
  6 river rats (D:5)
  A shadow imp (D:9)
  An ooze (D:4)
  2 adder skeletons
  4 worms
  A dart slug (D:2)
  7 leopard geckos
  21 orcs
  2 ball pythons
  4 giant cockroaches
  2 goblins (D:1)
  7 hobgoblins
  21 jackals
  2 quokkas
  4 bats
  4 frilled lizards
  2 kobolds
  20 rats
184 creatures vanquished.

Notes
Turn   | Place    | Note
-------+----------+-------------------------------------------
     0 | D:1      | Flanowski the Centaur Hunter began the quest for the Orb.
     0 | D:1      | Reached XP level 1. HP: 17/17 MP: 1/1
   251 | D:1      | Reached XP level 2. HP: 20/24 MP: 2/2
   264 | D:1      | Reached skill level 5 in Crossbows
   605 | D:1      | Found a snail-covered altar of Cheibriados.
  1311 | D:2      | Reached XP level 3. HP: 25/29 MP: 3/3
  1417 | D:2      | Found a white marble altar of Elyvilon.
  1999 | D:3      | Found a sacrificial altar of Ru.
  2150 | D:3      | Reached skill level 6 in Crossbows
  2152 | D:3      | Reached XP level 4. HP: 36/36 MP: 4/4
  2611 | D:3      | Reached skill level 7 in Crossbows
  2611 | D:3      | Reached XP level 5. HP: 41/41 MP: 5/5
  3327 | D:4      | Noticed a phantom
  3354 | D:4      | Killed a phantom
  3479 | D:4      | Reached skill level 8 in Crossbows
  3479 | D:4      | Reached XP level 6. HP: 4/48 MP: 6/6
  3538 | D:4      | HP: 1/48 [orc/whip (3)]
  3948 | D:4      | Found Dowedgh's Weapon Shop.
  3955 | D:4      | Bought 19 bolts for 53 gold pieces
  3989 | D:4      | Noticed xsansara's ghost (amateur GrFi)
  4108 | D:4      | Killed xsansara's ghost
  4108 | D:4      | Reached skill level 9 in Crossbows
  4118 | D:4      | Reached XP level 7. HP: 40/55 MP: 7/7
  4379 | D:4      | Noticed Blork the orc
  4399 | D:5      | Entered Level 5 of the Dungeon
  4682 | D:4      | Killed Blork the orc
  4869 | D:4      | Reached skill level 10 in Crossbows
  5630 | D:4      | Noticed Pikel
  5718 | D:4      | Killed Pikel
  5718 | D:4      | Reached skill level 11 in Crossbows
  5718 | D:4      | Reached XP level 8. HP: 40/61 MP: 8/8
  6258 | D:5      | Reached skill level 12 in Crossbows
  7841 | D:6      | Reached skill level 13 in Crossbows
  8213 | D:6      | Reached XP level 9. HP: 38/67 MP: 9/9
  9053 | D:7      | Found an ancient bone altar of Kikubaaqudgha.
  9447 | D:7      | Found a staircase to the Ecumenical Temple.
  9472 | Temple   | Entered the Ecumenical Temple
  9479 | Temple   | Became a worshipper of Warmaster Okawaru
 10274 | D:8      | Reached skill level 14 in Crossbows
 10654 | D:8      | Reached * piety under Okawaru
 10681 | D:8      | Noticed Prince Ribbit
 10689 | D:8      | Killed Prince Ribbit
 11326 | D:8      | Noticed Erica
 11701 | D:9      | Reached skill level 15 in Crossbows
 11971 | D:9      | Noticed a guardian serpent
 11984 | D:9      | Slain by a guardian serpent

Vault maps used:
D:1:      mushboom_english_gardens, cheibriados_altar_1
D:2:      first_bread, elyvilon_altar_3
D:3:      hangedman_ru_absence
D:4:      serial_shops, shop_statue, grunt_ministairs_8, uniq_blork_the_orc,
          uniq_pikel
D:5:      lemuel_ratsnest, guppyfry_early_orc_mine
D:6:      eino_tiny_chamber, minivault_4, minmay_misc_feat_four_crosses
D:7:      basic_altar
D:8:      uniq_prince_ribbit1, uniq_erica
D:9:      nrook_guardian_serpent_snake_passage, erik_lair_orcish_takeover
Temple:   nicolae_temple_the_god_donut

Skill      XL: |  1  2  3  4  5  6  7  8  9 |
---------------+----------------------------+-----
Crossbows      | 5 6 7 8 9 11 13 15 | 15.2
Fighting       | |  2.0
Dodging        | |  1.3
Stealth        | |  0.4

Action                   |  1- 3 |  4- 6 |  7- 9 || total
-------------------------+-------+-------+-------++-------
Melee: Short sword       |   132 |       |       ||   132
       Kick              |    21 |     4 |    92 ||   117
       Lajatang          |       |    60 |   175 ||   235
       Whip              |       |       |   203 ||   203
       Hand crossbow     |       |       |     2 ||     2
 Fire: Hand crossbow     |     3 |   100 |   200 ||   303
Throw: Javelin           |     5 |     7 |     5 ||    17
       Tomahawk          |       |       |     6 ||     6
  Use: Scroll            |       |       |    13 ||    13
 Stab: Distracted        |       |       |     1 ||     1
  Eat: Chunk             |     3 |     4 |    22 ||    29
Armor: Leather armour    |    63 |    48 |   190 ||   301
       Plate armour      |       |       |     1 ||     1
Dodge: Dodged            |    64 |    69 |   263 ||   396
